[Event "Shropshire Chess Congress 2019"]
[Site "Telford"]
[Date "2019.01.06"]
[Round "4"]
[White "Maciol, Ryszard"]
[Black "Walton, Alan J"]
[Result "1-0"]
[ECO "A96"]
[WhiteElo "2163"]
[BlackElo "2149"]
[Annotator "NA"]
[PlyCount "63"]
[EventDate "2019.01.04"]
[EventType "swiss"]
[EventCountry "GBR"]
[SourceTitle "playchess.com"]
[Source "ChessBase"]
[SourceQuality "1"]
[TimeControl "5400+30"]

1. d4 e6 2. c4 f5 3. g3 Nf6 4. Bg2 Be7 5. Nf3 d6 6. O-O O-O 7. Nc3 Ne4 8. Qc2 Nxc3 9. Qxc3 a5 10. Qc2 Qe8 11. Bd2 Bf6 12. Bc3 Qg6 13. Rfd1 Nd7 14. Qd2 a4 15. b4 Nb6 16. Qd3 Re8 17. Ne1 d5 18. cxd5 exd5 19. Nf3 Nc4 20. Ne5 Bxe5 21. Bxd5+ Be6 22. dxe5 Nb6 23. Bxb7 Rad8 24. Qc2 Nd5 25. b5 Nxc3 26. Qxc3 Rxd1+ 27. Rxd1 Bxa2 28. Qxc7 f4 29. Bc6 Rf8 30. Rd8 fxg3 31. Rxf8+ Kxf8 32. Qd8+ 1-0

[Event "Shropshire Chess Congress 2019"]
[Site "Telford"]
[Date "2019.01.06"]
[Round "4"]
[White "Sygnowski, Tomasz"]
[Black "Ansari, Athar"]
[Result "1-0"]
[ECO "B01"]
[WhiteElo "2143"]
[BlackElo "1893"]
[Annotator "NA"]
[PlyCount "41"]
[EventDate "2019.01.04"]
[EventType "swiss"]
[EventCountry "GBR"]
[SourceTitle "playchess.com"]
[Source "ChessBase"]
[SourceQuality "1"]
[TimeControl "5400+30"]

1. e4 d5 2. exd5 Qxd5 3. Nf3 Nf6 4. Be2 Bf5 5. O-O c6 6. Nc3 Qa5 7. b4 Qc7 8. b5 e6 9. Rb1 Nd5 10. bxc6 bxc6 11. Bb2 Nd7 12. Re1 Bg4 13. h3 Bh5 14. Ng5 Bxe2 15. Qxe2 Nf4 16. Qf3 h6 17. Nb5 Qc8 18. Nxf7 Kxf7 19. Qxf4+ Nf6 20. Nc7 Rb8 21. Nxe6 1-0

[Event "Shropshire Chess Congress 2019"]
[Site "Telford"]
[Date "2019.01.06"]
[Round "4"]
[White "Stewart, Ashley"]
[Black "Fajfer, Bartosz"]
[Result "1/2-1/2"]
[ECO "A38"]
[WhiteElo "2122"]
[BlackElo "1921"]
[Annotator "NA"]
[PlyCount "142"]
[EventDate "2019.01.04"]
[EventType "swiss"]
[EventCountry "GBR"]
[SourceTitle "playchess.com"]
[Source "ChessBase"]
[SourceQuality "1"]
[TimeControl "5400+30"]

1. c4 c5 2. g3 g6 3. Bg2 Bg7 4. Nc3 Nc6 5. Nf3 Nf6 6. d4 cxd4 7. Nxd4 O-O 8. O-O Nxd4 9. Qxd4 d6 10. Qd3 Nd7 11. b3 Nc5 12. Qd2 a5 13. Bb2 a4 14. Nd5 Bxb2 15. Qxb2 Re8 16. b4 Nd7 17. Rfd1 Nb6 18. Ne3 Qc7 19. Rac1 Be6 20. c5 dxc5 21. bxc5 Nd7 22. Qxb7 Ra7 23. Qxc7 Rxc7 24. c6 Nb8 25. a3 Bb3 26. Rd4 e6 27. Rd3 Kf8 28. Rdc3 Rd8 29. Nc4 Ke7 30. Na5 Bd5 31. e4 Ba2 32. R3c2 Bb3 33. Rb2 e5 34. Nxb3 axb3 35. Rxb3 Nxc6 36. Rbc3 Kd6 37. Bf1 Rdc8 38. Ba6 Nd4 39. Rxc7 Rxc7 40. Rxc7 Kxc7 41. Bc4 f6 42. Bg8 h6 43. Bf7 g5 44. Kg2 Nb5 45. Bc4 Nxa3 46. Bd3 Kc6 47. Kh3 Kc5 48. f3 Kd4 49. Ba6 Ke3 50. Kg4 Nc2 51. Kh5 Kxf3 52. Kxh6 g4 53. Kh5 Ne3 54. Kg6 Kg2 55. Kxf6 Kxh2 56. Kxe5 Kxg3 57. Kd4 Kf4 58. e5 g3 59. Bb7 Nf5+ 60. Kd3 Kxe5 61. Ke2 Kf4 62. Kf1 Ne3+ 63. Kg1 Nc4 64. Kg2 Nd6 65. Bc6 Nf5 66. Bb7 Nh4+ 67. Kg1 Ke3 68. Bc6 Nf3+ 69. Bxf3 Kxf3 70. Kf1 g2+ 71. Kg1 Kg3 1/2-1/2

[Event "Shropshire Chess Congress 2019"]
[Site "Telford"]
[Date "2019.01.06"]
[Round "4"]
[White "Bin-Suhayl, Ieysaa"]
[Black "Ferrington, Nigel M"]
[Result "1/2-1/2"]
[ECO "E81"]
[WhiteElo "2095"]
[BlackElo "2128"]
[Annotator "NA"]
[PlyCount "63"]
[EventDate "2019.01.04"]
[EventType "swiss"]
[EventCountry "GBR"]
[SourceTitle "playchess.com"]
[Source "ChessBase"]
[SourceQuality "1"]
[TimeControl "5400+30"]

1. d4 Nf6 2. c4 g6 3. Nc3 Bg7 4. e4 d6 5. f3 O-O 6. Be3 c5 7. d5 e6 8. Qd2 exd5 9. cxd5 a6 10. a4 Nbd7 11. Nh3 Ne5 12. Nf2 Ne8 13. Be2 f5 14. O-O Bd7 15. a5 Qe7 16. Na4 Bxa4 17. Rxa4 Rc8 18. Nd3 Nxd3 19. Bxd3 fxe4 20. Rxe4 Qc7 21. Bg5 Nf6 22. Re6 c4 23. Be4 Nxe4 24. Rxe4 c3 25. bxc3 Bxc3 26. Qd3 Qxa5 27. Re7 Qc5+ 28. Be3 Qc4 29. Qxc4 Rxc4 30. Rxb7 Bd4 31. Bxd4 Rxd4 32. Rb6 1/2-1/2

[Event "Shropshire Chess Congress 2019"]
[Site "Telford"]
[Date "2019.01.06"]
[Round "4"]
[White "Hilton, Tim"]
[Black "Edge, John"]
[Result "1-0"]
[ECO "A21"]
[WhiteElo "1781"]
[BlackElo "1972"]
[Annotator "NA"]
[PlyCount "61"]
[EventDate "2019.01.04"]
[EventType "swiss"]
[EventCountry "GBR"]
[SourceTitle "playchess.com"]
[Source "ChessBase"]
[SourceQuality "1"]
[TimeControl "5400+30"]

1. c4 e5 2. Nc3 d6 3. d4 Be7 4. Nf3 exd4 5. Qxd4 Nf6 6. b3 Nc6 7. Qd2 Bf5 8. Bb2 O-O 9. g3 Re8 10. Bg2 Ne4 11. Nxe4 Bxe4 12. O-O Bf6 13. Rac1 a5 14. Rfd1 Qe7 15. a3 h6 16. e3 Rad8 17. b4 axb4 18. axb4 Ra8 19. Ra1 Qe6 20. b5 Rxa1 21. Rxa1 Ne5 22. Nxe5 Bxg2 23. Kxg2 Bxe5 24. Bxe5 Qxe5 25. Qd4 Qe4+ 26. Kg1 Qc2 27. Ra7 Re4 28. Qd5 Qxc4 29. Ra8+ Kh7 30. Qf5+ g6 31. Qf6 1-0

[Event "Shropshire Chess Congress 2019"]
[Site "Telford"]
[Date "2019.01.06"]
[Round "5"]
[White "Ferrington, Nigel M"]
[Black "Paul, Nathanael"]
[Result "1/2-1/2"]
[ECO "B19"]
[WhiteElo "2128"]
[BlackElo "1925"]
[Annotator "NA"]
[PlyCount "117"]
[EventDate "2019.01.04"]
[EventType "swiss"]
[EventCountry "GBR"]
[SourceTitle "playchess.com"]
[Source "ChessBase"]
[SourceQuality "1"]
[TimeControl "5400+30"]

1. e4 c6 2. d4 d5 3. Nd2 dxe4 4. Nxe4 Bf5 5. Ng3 Bg6 6. h4 h6 7. Nf3 Nd7 8. h5 Bh7 9. Bd3 Bxd3 10. Qxd3 Ngf6 11. Bd2 e6 12. O-O-O Be7 13. Kb1 O-O 14. Ne4 Nxe4 {[%emt 0:00:10] B19: Classical Caro-Kann: 4...Bf5 main line} 15. Qxe4 Nf6 16. Qe2 Qd5 17. Rhe1 b5 $146 ({Predecessor:} 17... Qb5 18. c4 Qxh5 19. Ka1 Qg4 20. Be3 Rfd8 21. Rh1 Ne4 22. Qc2 {1-0 (40) Negi,P (2669)-Enkhbat,T (2417) Burlingame 2015}) 18. Ne5 c5 19. dxc5 Qxc5 20. Ng6 fxg6 $16 (20... Rfe8 $1 $11) 21. Qxe6+ Kh8 22. Qxe7 Qxe7 23. Rxe7 Nxh5 24. Be3 Rad8 25. Red7 Rxd7 26. Rxd7 a5 27. a4 Nf6 28. Ra7 bxa4 29. Bd4 Rd8 30. c3 Rd5 31. Kc2 h5 32. Kd3 Rb5 33. c4 Rb3+ 34. Kc2 Rb4 35. Rc7 g5 36. Bc3 Rb3 37. Rc5 Ne4 38. Rxa5 Nxc3 39. bxc3 Ra3 40. Rxg5 Ra2+ 41. Kb1 Rxf2 42. Rxh5+ Kg8 43. Rg5 a3 44. Rg3 Rb2+ 45. Ka1 Kf7 46. c5 Rc2 47. c6 Ke6 48. c7 Kd7 49. Rxg7+ Kc8 50. g4 Rxc3 51. g5 Rc2 52. Kb1 Rb2+ 53. Ka1 Rc2 54. g6 Rg2 55. Rg8+ Kxc7 56. g7 Kb7 57. Rf8 Rxg7 58. Rf3 Rg2 59. Rxa3 1/2-1/2

[Event "Shropshire Chess Congress 2019"]
[Site "Telford"]
[Date "2019.01.06"]
[Round "5"]
[White "Okhai, Shabir"]
[Black "Stewart, Ashley"]
[Result "1/2-1/2"]
[ECO "B36"]
[WhiteElo "2073"]
[BlackElo "2122"]
[Annotator "NA"]
[PlyCount "74"]
[EventDate "2019.01.04"]
[EventType "swiss"]
[EventCountry "GBR"]
[SourceTitle "playchess.com"]
[Source "ChessBase"]
[SourceQuality "1"]
[TimeControl "5400+30"]

1. e4 c5 2. Nf3 g6 3. c4 Nc6 4. d4 cxd4 5. Nxd4 Nf6 6. Nc3 Nxd4 7. Qxd4 d6 8. Be2 Bg7 9. Be3 O-O 10. Qd2 a5 11. Rd1 a4 12. O-O Qa5 13. f4 Be6 14. Bd4 Rac8 {[%emt 0:10:37] [#]} 15. b3 $1 axb3 16. axb3 $14 Qb4 17. Nd5 Qxd2 18. Nxf6+ Bxf6 19. Rxd2 Bxd4+ 20. Rxd4 f6 21. Ra1 Ra8 22. Rdd1 f5 23. Bf3 fxe4 24. Bxe4 Rab8 25. g3 b5 26. Bd5 Bxd5 27. cxd5 Ra8 28. Rxa8 Rxa8 29. Rd4 Rc8 30. Kg2 Rc3 31. Rb4 Rc5 32. Rd4 Kf7 33. Kh3 e6 34. dxe6+ Kxe6 35. Kg4 h6 36. h3 Rc3 37. Rb4 Rc5 1/2-1/2

[Event "Shropshire Chess Congress 2019"]
[Site "Telford"]
[Date "2019.01.06"]
[Round "5"]
[White "Edge, John"]
[Black "Anderson, Peter"]
[Result "1/2-1/2"]
[ECO "B06"]
[WhiteElo "1972"]
[BlackElo "1980"]
[Annotator "NA"]
[PlyCount "57"]
[EventDate "2019.01.04"]
[EventType "swiss"]
[EventCountry "GBR"]
[SourceTitle "playchess.com"]
[Source "ChessBase"]
[SourceQuality "1"]
[TimeControl "5400+30"]

1. e4 g6 2. d4 Bg7 3. Nc3 d6 4. f4 a6 5. Nf3 b5 6. a4 {[%emt 0:10:17] LiveBook: 30 Games} b4 7. Nd5 Bb7 8. Nxb4 Bxe4 9. Bd3 Bb7 10. c3 a5 $11 11. Nc2 Nf6 12. O-O O-O 13. f5 Nbd7 14. Qe2 Re8 15. Bg5 Nf8 16. Rae1 Qc8 17. fxg6 hxg6 18. Qd2 Bc6 19. Bb5 Bxb5 20. axb5 Qb7 21. Qd3 c6 22. bxc6 Qxc6 23. Re2 Rab8 24. Bxf6 Bxf6 25. Ne3 Rb7 26. Ng4 Bg7 27. Qd2 f6 28. h4 Qd5 29. Rfe1 1/2-1/2

[Event "Shropshire Chess Congress 2019"]
[Site "Telford"]
[Date "2019.01.06"]
[Round "5"]
[White "Zabrocki, Philip"]
[Black "Ireland, David J"]
[Result "1-0"]
[ECO "B24"]
[WhiteElo "1923"]
[BlackElo "1930"]
[Annotator "NA"]
[PlyCount "61"]
[EventDate "2019.01.04"]
[EventType "swiss"]
[EventCountry "GBR"]
[SourceTitle "playchess.com"]
[Source "ChessBase"]
[SourceQuality "1"]
[TimeControl "5400+30"]

1. e4 c5 2. Nc3 Nc6 3. g3 g6 4. Bg2 Bg7 5. d3 e6 6. Be3 d6 7. Qd2 Rb8 8. f4 Nge7 9. Nf3 b5 10. d4 b4 11. Ne2 Qb6 12. e5 Nf5 13. Bf2 Ba6 14. exd6 cxd4 15. d7+ Ke7 16. Rd1 Bxe2 17. Qxe2 Rhd8 18. g4 Ne3 19. Bxe3 dxe3 20. Qd3 Kf8 21. Ng5 Bxb2 22. Qd6+ Ne7 23. Nxh7+ Kg7 24. Qxe7 Bc3+ 25. Ke2 Kxh7 26. Qxf7+ Bg7 27. Be4 e5 28. f5 Qa6+ 29. Rd3 Rb6 30. fxg6+ Kh8 31. Qe8+ 1-0

[Event "Shropshire Chess Congress 2019"]
[Site "Telford"]
[Date "2019.01.06"]
[Round "5"]
[White "Fajfer, Bartosz"]
[Black "Hynes, Anthony M"]
[Result "1/2-1/2"]
[ECO "D20"]
[WhiteElo "1921"]
[BlackElo "2093"]
[Annotator "NA"]
[PlyCount "77"]
[EventDate "2019.01.04"]
[EventType "swiss"]
[EventCountry "GBR"]
[SourceTitle "playchess.com"]
[Source "ChessBase"]
[SourceQuality "1"]
[TimeControl "5400+30"]

1. d4 d5 2. c4 dxc4 3. e3 Nf6 4. Bxc4 e6 5. Nf3 a6 6. O-O b5 7. Bb3 Bb7 8. Qe2 Nbd7 9. a4 c5 10. Rd1 c4 11. Bc2 Be7 12. e4 O-O 13. Bg5 h6 $11 14. Bh4 Nb6 15. Nbd2 Bc6 16. Ne5 Bb7 17. f3 Qxd4+ 18. Bf2 Qxe5 19. Bxb6 Bc5+ 20. Bxc5 Qxc5+ 21. Kh1 e5 22. Nf1 Rfd8 23. Ne3 g6 24. b3 c3 25. b4 Qxb4 26. Rab1 Rxd1+ 27. Nxd1 Qd4 28. axb5 Qd2 29. Qxd2 cxd2 30. bxa6 Bxa6 31. Kg1 Nd7 32. Ne3 Nc5 33. Rd1 Rd8 34. Nd5 Ne6 35. Rxd2 Nd4 36. Bd3 Bxd3 37. Rd1 Ba6 38. Ne3 Ne6 39. Rc1 1/2-1/2

[Event "Shropshire Chess Congress 2019"]
[Site "Telford"]
[Date "2019.01.06"]
[Round "5"]
[White "Ansari, Athar"]
[Black "Hilton, Tim"]
[Result "1/2-1/2"]
[ECO "C02"]
[WhiteElo "1893"]
[BlackElo "1781"]
[Annotator "NA"]
[PlyCount "124"]
[EventDate "2019.01.04"]
[EventType "swiss"]
[EventCountry "GBR"]
[SourceTitle "playchess.com"]
[Source "ChessBase"]
[SourceQuality "1"]
[TimeControl "5400+30"]

1. e4 e6 2. d4 d5 3. e5 c5 4. Nf3 Nc6 5. Bd3 cxd4 6. O-O f6 7. Re1 fxe5 8. Nxe5 Nf6 9. Bg5 Nxe5 10. Rxe5 Bd7 11. Bf5 Bd6 12. Re2 O-O 13. Bxe6+ Bxe6 14. Rxe6 Qd7 15. Re2 Rae8 16. Bxf6 Rxf6 17. Nd2 Rfe6 18. Rxe6 Qxe6 19. Nf3 Bc5 20. Qd2 Qe2 21. Re1 Qxd2 22. Rxe8+ Kf7 23. Nxd2 Kxe8 24. Kf1 d3 25. cxd3 Ke7 26. Nb3 Bb6 27. Ke2 a5 28. d4 Kd6 29. Kd3 a4 30. Nd2 Ba5 31. Nf3 b5 32. Ng5 h6 33. Nf7+ Ke6 34. Ne5 Bc7 35. f4 g5 36. fxg5 hxg5 37. g3 Kf5 38. a3 Bd6 39. g4+ Kf4 40. Nf7 Be7 41. Ne5 Bd6 42. Nf7 Be7 43. Nh6 Bf8 44. Nf5 Kxg4 45. Ne3+ Kh3 46. Nxd5 Kxh2 47. Ne3 Kg3 48. Ke4 b4 49. axb4 Bxb4 50. d5 a3 51. bxa3 Bxa3 52. Kf5 Be7 53. Nc4 Kf3 54. Ke6 Bc5 55. Kf5 Be7 56. Ne5+ Ke3 57. Ke6 Bc5 58. Nd7 Bb4 59. Kf5 Kd4 60. Nf6 Be7 61. Kxg5 Bxf6+ 62. Kxf6 Kxd5 {Ke5+} 1/2-1/2